IL
PAWTUCKET RED SOX @ TACOMA RAINIERS
09/23/2049
 
TOP OF THE 1ST
Pawtucket Red Sox batting - Pitching for Tacoma Rainiers : RHP Matt Fox
Pitching: RHP Matt Fox
Batting: RHB Matt Hinkle 0-0: Called Strike
0-1: Ball
1-1: Called Strike
1-2: Ball
2-2: Ball
3-2: Fly out, F7 (Line Drive, 7, EV 90.0 MPH)
Batting: LHB Tim Fuller 0-0: Swinging Strike
0-1: SINGLE (Line Drive, 6MD, EV 106.9 MPH)
Batting: RHB Dave Burwell 0-0: Called Strike
0-1: Ball
1-1: Swinging Strike
1-2: Strikes out looking
Batting: LHB David Moore 0-0: Ball
1-0: Ball
2-0: Ball
3-0: Called Strike
3-1: Foul Ball, location: 2F
3-2: Foul Ball, location: 2F
3-2: Strikes out swinging, 2-3 out at first.
Top of the 1st over - 0 runs, 1 hit, 0 errors, 1 left on base; Pawtucket 0 - Tacoma 0
BOTTOM OF THE 1ST
Tacoma Rainiers batting - Pitching for Pawtucket Red Sox : RHP Alex Willerton
Pitching: RHP Alex Willerton
Batting: RHB Julian Gregory 0-0: Ball
1-0: Called Strike
1-1: Ball
2-1: Ball
3-1: Ground out U3 (Groundball, 3S, EV 72.5 MPH)
Batting: LHB Jawad Fahad 0-0: Ball
1-0: Ground out 4-3 (Groundball, 4M, EV 86.2 MPH)
Batting: RHB Marco Diaz 0-0: Called Strike
0-1: Foul Ball, location: 2F
0-2: Ball
1-2: Strikes out swinging
Bottom of the 1st over - 0 runs, 0 hits, 0 errors, 0 left on base; Pawtucket 0 - Tacoma 0
TOP OF THE 2ND
Pawtucket Red Sox batting - Pitching for Tacoma Rainiers : RHP Matt Fox
Batting: RHB Tony Nunez 0-0: Called Strike
0-1: Ball
1-1: Ball
2-1: Ball
3-1: Foul Ball, location: 2F
3-2: SOLO HOME RUN (Flyball, 9LD, EV 92.5 MPH), Distance : 335 ft
Batting: RHB Rodolfo Contreras 0-0: Ball
1-0: Ball
2-0: Swinging Strike
2-1: Ball
3-1: Base on Balls
Batting: LHB Frank Olivo 0-0: SINGLE (Groundball, 4M, EV 101.9 MPH) (infield hit)
Rodolfo Contreras to second
Batting: RHB Brandon Perris 0-0: Ball
1-0: Ball
2-0: Grounds into double play, 6-4-3 (Groundball, 56, EV 81.9 MPH)
Rodolfo Contreras to third
Batting: RHB Joe Evrard 0-0: Ball
1-0: Ground out 6-3 (Groundball, 6M, EV 109.4 MPH)
Top of the 2nd over - 1 run, 2 hits, 0 errors, 1 left on base; Pawtucket 1 - Tacoma 0
BOTTOM OF THE 2ND
Tacoma Rainiers batting - Pitching for Pawtucket Red Sox : RHP Alex Willerton
Batting: LHB Ryan Lowe 0-0: Foul Ball, location: 2F
0-1: Foul Ball, location: 2F
0-2: Foul Ball, location: 2F
0-2: Ball
1-2: Ball
2-2: Ball
3-2: Ground out 4-3 (Groundball, 4, EV 103.8 MPH)
Batting: LHB Josh Pittman 0-0: Called Strike
0-1: Called Strike
0-2: Ball
1-2: Strikes out swinging
Batting: RHB Zach Downs 0-0: Ball
1-0: Ball
2-0: Called Strike
2-1: Swinging Strike
2-2: Ground out 5-3 (Groundball, 56S, EV 66.9 MPH)
Bottom of the 2nd over - 0 runs, 0 hits, 0 errors, 0 left on base; Pawtucket 1 - Tacoma 0
TOP OF THE 3RD
Pawtucket Red Sox batting - Pitching for Tacoma Rainiers : RHP Matt Fox
Batting: RHB Matt Hinkle 0-0: Ball
1-0: Foul Ball, location: 2F
1-1: Ball
2-1: Foul Ball, location: 2F
2-2: Ground out 4-3 (Groundball, 4, EV 83.1 MPH)
Batting: LHB Tim Fuller 0-0: Ball
1-0: Fly out, F7 (Flyball, 78D, EV 82.5 MPH)
Batting: RHB Dave Burwell 0-0: Called Strike
0-1: Called Strike
0-2: Ground out 3-1 (Groundball, 34, EV 98.8 MPH)
Top of the 3rd over - 0 runs, 0 hits, 0 errors, 0 left on base; Pawtucket 1 - Tacoma 0
BOTTOM OF THE 3RD
Tacoma Rainiers batting - Pitching for Pawtucket Red Sox : RHP Alex Willerton
Batting: RHB Hideo Okimura 0-0: Swinging Strike
0-1: Ball
1-1: Swinging Strike
1-2: Ground out 5-3 (Groundball, 56S, EV 80.6 MPH)
Batting: RHB Lamberto Amicis 0-0: Ball
1-0: Ball
2-0: Called Strike
2-1: Ground out 6-3 (Groundball, 6, EV 80.0 MPH)
Batting: RHB Jesus Santiago 0-0: Ball
1-0: Fly out, F8 (Flyball, 8LM, EV 85.0 MPH)
Bottom of the 3rd over - 0 runs, 0 hits, 0 errors, 0 left on base; Pawtucket 1 - Tacoma 0
TOP OF THE 4TH
Pawtucket Red Sox batting - Pitching for Tacoma Rainiers : RHP Matt Fox
Batting: LHB David Moore 0-0: Foul Ball, location: 2F
0-1: Ball
1-1: Ball
2-1: Ball
3-1: Called Strike
3-2: Foul Ball, location: 2F
3-2: Foul Ball, location: 2F
3-2: Strikes out looking
Batting: RHB Tony Nunez 0-0: Ground out U3 (Groundball, 13, EV 83.8 MPH)
Batting: RHB Rodolfo Contreras 0-0: Called Strike
0-1: Ball
1-1: DOUBLE (Flyball, 8RXD, EV 93.1 MPH)
Batting: LHB Frank Olivo 0-0: Called Strike
0-1: Ball
1-1: Foul Ball, location: 2F
1-2: Ball
2-2: Ball
3-2: Fly out, F9 (Flyball, 89S, EV 79.4 MPH)
Top of the 4th over - 0 runs, 1 hit, 0 errors, 1 left on base; Pawtucket 1 - Tacoma 0
BOTTOM OF THE 4TH
Tacoma Rainiers batting - Pitching for Pawtucket Red Sox : RHP Alex Willerton
Batting: RHB Julian Gregory 0-0: Called Strike
0-1: Ground out 6-3 (Groundball, 6, EV 101.2 MPH)
Batting: LHB Jawad Fahad 0-0: Foul Ball, location: 2F
0-1: Fly out, F8 (Line Drive, 78M, EV 94.4 MPH)
Batting: RHB Marco Diaz 0-0: Called Strike
0-1: Ball
1-1: Ball
2-1: Foul Ball, location: 2F
2-2: Ball
3-2: Foul Ball, location: 2F
3-2: Foul Ball, location: 2F
3-2: Base on Balls
Batting: LHB Ryan Lowe 0-0: Ball
1-0: Called Strike
1-1: Ground out U3 (Groundball, 3L, EV 103.8 MPH)
Bottom of the 4th over - 0 runs, 0 hits, 0 errors, 1 left on base; Pawtucket 1 - Tacoma 0
TOP OF THE 5TH
Pawtucket Red Sox batting - Pitching for Tacoma Rainiers : RHP Matt Fox
Batting: RHB Brandon Perris 0-0: Called Strike
0-1: Foul Ball, location: 2F
0-2: Fly out, F9 (Flyball, 89S, EV 84.4 MPH)
Batting: RHB Joe Evrard 0-0: Ground out 3-1 (Groundball, 34S, EV 88.1 MPH)
Batting: RHB Matt Hinkle 0-0: Ball
1-0: Called Strike
1-1: Ball
2-1: Foul Ball, location: 2F
2-2: Foul Ball, location: 2F
2-2: Foul Ball, location: 2F
2-2: Strikes out swinging
Top of the 5th over - 0 runs, 0 hits, 0 errors, 0 left on base; Pawtucket 1 - Tacoma 0
BOTTOM OF THE 5TH
Tacoma Rainiers batting - Pitching for Pawtucket Red Sox : RHP Alex Willerton
Batting: LHB Josh Pittman 0-0: Called Strike
0-1: Foul Ball, location: 2F
0-2: Ball
1-2: Strikes out swinging
Batting: RHB Zach Downs 0-0: Ground out 4-3 (Groundball, 4, EV 91.2 MPH)
Batting: RHB Hideo Okimura 0-0: Ball
1-0: Foul Ball, location: 2F
1-1: Called Strike
1-2: Ball
2-2: Ball
3-2: Strikes out swinging
Bottom of the 5th over - 0 runs, 0 hits, 0 errors, 0 left on base; Pawtucket 1 - Tacoma 0
TOP OF THE 6TH
Pawtucket Red Sox batting - Pitching for Tacoma Rainiers : RHP Matt Fox
Batting: LHB Tim Fuller 0-0: DOUBLE (Line Drive, 7LM, EV 100.6 MPH)
Batting: RHB Dave Burwell 0-0: Ball
1-0: Ball
2-0: Called Strike
2-1: Foul Ball, location: 2F
2-2: Ball
3-2: Fly out, F9 (Flyball, 89M, EV 83.1 MPH)
Batting: LHB David Moore 0-0: Foul Ball, location: 2F
0-1: Called Strike
0-2: Ball
1-2: Foul Ball, location: 2F
1-2: Strikes out swinging
Batting: RHB Tony Nunez 0-0: Fly out, F8 (Flyball, 8RD, EV 98.1 MPH)
Top of the 6th over - 0 runs, 1 hit, 0 errors, 1 left on base; Pawtucket 1 - Tacoma 0
BOTTOM OF THE 6TH
Tacoma Rainiers batting - Pitching for Pawtucket Red Sox : RHP Alex Willerton
Batting: RHB Lamberto Amicis 0-0: Ball
1-0: Foul Ball, location: 2F
1-1: SINGLE (Groundball, 4M, EV 89.4 MPH) (infield hit)
Batting: RHB Jesus Santiago 0-0: Ball
1-0: Foul Ball, location: 2F
1-1: Swinging Strike
1-2: Ball
2-2: Foul Ball, location: 2F
2-2: Strikes out swinging
Batting: RHB Julian Gregory 0-0: Called Strike
0-1: Fly out, F8 (Flyball, 78S, EV 89.4 MPH)
Batting: LHB Jawad Fahad 0-0: Ball
1-0: Called Strike
Pickoff Throw by Catcher to First - Error! E2
Lamberto Amicis to second
1-1: Foul Ball, location: 2F
1-2: Foul Ball, location: 2F
1-2: SINGLE (Flyball, 8RS, EV 99.4 MPH)
Lamberto Amicis to third
Batting: RHB Marco Diaz 0-0: Called Strike
0-1: Ball
1-1: Swinging Strike
1-2: DOUBLE (Line Drive, 9LM, EV 106.9 MPH)
Lamberto Amicis scores
Jawad Fahad to third
Batting: LHB Ryan Lowe 0-0: Ball
1-0: Ball
2-0: Ball
3-0: Base on Balls
Batting: LHB Josh Pittman 0-0: Ball
1-0: Foul Ball, location: 2F
1-1: Ball
2-1: Ball
3-1: GRAND SLAM HOME RUN (Flyball, 9D, EV 103.1 MPH), Distance : 368 ft
Pitching: RHP Danny Klomp
Batting: RHB Zach Downs 0-0: Ball
1-0: Ball
2-0: Foul Ball, location: 2F
2-1: Swinging Strike
2-2: Ball
3-2: Foul Ball, location: 2F
3-2: Strikes out swinging, 2-3 out at first.
Bottom of the 6th over - 5 runs, 4 hits, 1 error, 0 left on base; Pawtucket 1 - Tacoma 5
TOP OF THE 7TH
Pawtucket Red Sox batting - Pitching for Tacoma Rainiers : RHP Matt Fox
Now in LF: Perry Renouf
Batting: RHB Rodolfo Contreras 0-0: Ball
1-0: Foul Ball, location: 2F
1-1: Called Strike
1-2: Ball
2-2: SINGLE (Groundball, 34D, EV 106.9 MPH)
Pitching: RHP Mario Mata
Batting: LHB Frank Olivo 0-0: Called Strike
Rodolfo Contreras steals 2nd base (no throw)
0-1: Ball
1-1: Called Strike
1-2: Ball
2-2: Ball
3-2: Base on Balls
Pinch Hitting: LHB Zack Guillen 0-0: Swinging Strike
0-1: Ball
1-1: Called Strike
1-2: Strikes out swinging
Batting: RHB Joe Evrard 0-0: Ball
1-0: Grounds into double play, 4-6-3 (Groundball, 4MS, EV 83.8 MPH)
Top of the 7th over - 0 runs, 1 hit, 0 errors, 1 left on base; Pawtucket 1 - Tacoma 5
BOTTOM OF THE 7TH
Tacoma Rainiers batting - Pitching for Pawtucket Red Sox : RHP Danny Klomp
Now at SS: Ted Emmerich
Batting: RHB Hideo Okimura 0-0: Ball
1-0: Swinging Strike
1-1: Swinging Strike
1-2: Strikes out swinging
Batting: RHB Lamberto Amicis 0-0: Ground out 6-3 (Groundball, 6, EV 82.5 MPH)
Batting: RHB Jesus Santiago 0-0: Ground out 6-3 (Groundball, 6, EV 89.4 MPH)
Bottom of the 7th over - 0 runs, 0 hits, 0 errors, 0 left on base; Pawtucket 1 - Tacoma 5
TOP OF THE 8TH
Pawtucket Red Sox batting - Pitching for Tacoma Rainiers : RHP Mario Mata
Batting: RHB Matt Hinkle 0-0: Ball
1-0: Fly out, F7 (Flyball, 7D, EV 87.5 MPH)
Batting: LHB Tim Fuller 0-0: Ball
1-0: Foul Ball, location: 2F
1-1: Ball
2-1: Ball
3-1: Called Strike
3-2: Foul Ball, location: 2F
3-2: Fly out, F9 (Flyball, 89D, EV 105.0 MPH)
Batting: RHB Dave Burwell 0-0: Ball
1-0: Swinging Strike
1-1: Foul Ball, location: 2F
1-2: Foul Ball, location: 2F
1-2: Foul Ball, location: 2F
1-2: Hit by Pitch
Batting: LHB David Moore 0-0: Ball
1-0: Ball
2-0: Ball
3-0: Ground out 4-3 (Groundball, 4, EV 91.9 MPH)
Top of the 8th over - 0 runs, 0 hits, 0 errors, 1 left on base; Pawtucket 1 - Tacoma 5
BOTTOM OF THE 8TH
Tacoma Rainiers batting - Pitching for Pawtucket Red Sox : RHP Danny Klomp
Batting: RHB Julian Gregory 0-0: Called Strike
0-1: Ball
1-1: Ball
2-1: DOUBLE (Groundball, 5L, EV 100.6 MPH)
Batting: LHB Jawad Fahad 0-0: Called Strike
0-1: Foul Ball, location: 2F
0-2: Ball
1-2: Foul Ball, location: 2F
1-2: Ball
2-2: Ground out 4-3 (Groundball, 4D, EV 85.0 MPH)
Julian Gregory to third
Batting: RHB Marco Diaz 0-0: Called Strike
0-1: Ball
1-1: Ball
2-1: Ball
3-1: Called Strike
3-2: Fly out, F5 (Popup, 6S, EV 79.4 MPH)
Batting: LHB Ryan Lowe 0-0: Ball
1-0: Called Strike
1-1: SINGLE (Groundball, 25, EV 73.8 MPH) (infield hit)
Julian Gregory scores
Batting: RHB Perry Renouf 0-0: Ball
1-0: Fielders Choice at 2nd, 6-4 (Groundball, 6, EV 80.6 MPH)
Bottom of the 8th over - 1 run, 2 hits, 0 errors, 1 left on base; Pawtucket 1 - Tacoma 6
TOP OF THE 9TH
Pawtucket Red Sox batting - Pitching for Tacoma Rainiers : RHP Mario Mata
Batting: RHB Tony Nunez 0-0: Called Strike
0-1: Ball
1-1: Ball
2-1: Ball
3-1: Base on Balls
Batting: RHB Rodolfo Contreras 0-0: Ball
1-0: Swinging Strike
1-1: Ball
2-1: Ball
3-1: Base on Balls
Tony Nunez to second
Pitching: LHP Chad Dominey
Pinch Hitting: SHB Marvin Lawrence 0-0: Foul Ball, location: 2F
0-1: Swinging Strike
0-2: Strikes out looking
Batting: RHB Ted Emmerich 0-0: Fielders Choice at 2nd, 3-6 (Groundball, 34, EV 83.8 MPH)
Tony Nunez to third
Batting: RHB Joe Evrard 0-0: Ball
1-0: Foul Ball, location: 2F
1-1: Foul Ball, location: 2F
1-2: Ball
2-2: Strikes out swinging
Top of the 9th over - 0 runs, 0 hits, 0 errors, 2 left on base; Pawtucket 1 - Tacoma 6
Sunday, July 16th , 2023 - OOTP Baseball 24.6 Build 69